 Dungeon Crawl Stone Soup version 0.32-a0-630-g46d191b0ed (webtiles) character file.

Game seed: 1222051618700036790

11921 Dittersdorf the Blocker (level 11, -6/73 HPs)
             Began as a Gargoyle Fighter on Mar 6, 2024.
             Was an Initiate of Gozag.
             Killed from afar by Fannar (18 damage)
             ... with a bolt of cold
             ... on level 11 of the Dungeon.
             The game lasted 00:18:48 (11713 turns).

Dittersdorf the Blocker (Gargoyle Fighter)         Turns: 11713, Time: 00:18:48

Health: -6/73      AC: 29    Str: 24    XL:     11   Next: 85%
Magic:  11/11      EV: 13    Int:  9    God:    Gozag
Gold:   975        SH: 15    Dex: 15    Spells: 10/10 levels left

rFire   + . .        l - +3 flail
rCold   . . .        A - +3 kite shield
rNeg    + . .        i - +2 chain mail {rF+}
rPois   ∞            B - +2 hat
rElec   +            r - +1 cloak
rCorr   .            b - +2 pair of gloves
SInv    .            (no boots)
Will    .....        (no amulet) Stlth
                     o - +5 ring of evasion
HPRegen 0.32/turn    f - +6 ring of dexterity
MPRegen 0.12/turn

%: no passive effects
@: mighty
A: sickness immunity, AC +8, negative energy resistance 1, electricity
resistance, torment resistance 1, petrification resistance
a: Renounce Religion, Potion Petition, Call Merchant, Bribe Branch


You were on level 11 of the Dungeon.
You worshipped Gozag.
Gozag was pleased with you.
You visited 2 branches of the dungeon, and saw 12 of its levels.

You collected 1335 gold pieces.
You spent 180 gold pieces at shops.
You paid 180 gold pieces to Gozag.

Inventory:

Hand Weapons
 l - a +3 flail (weapon)
Missiles
 p - 2 throwing nets
Armour
 b - a +2 pair of gloves (worn)
 i - a +2 chain mail of fire resistance (worn)
 r - a +1 cloak (worn)
 w - a +1 chain mail of cold resistance
 A - a +3 kite shield (worn)
 B - a +2 hat (worn)
Jewellery
 f - a +6 ring of dexterity (right hand)
 o - a +5 ring of evasion (left hand)
Wands
 e - a wand of roots (8) (quivered)
 x - a wand of quicksilver (4)
Scrolls
 c - a scroll of torment
 g - 3 scrolls of fog
 j - 2 scrolls of teleportation
 q - a scroll of brand weapon
 s - 3 scrolls of enchant weapon
 v - a scroll of blinking
 y - a scroll of poison
Potions
 a - 2 potions of magic
 k - 2 potions of enlightenment
 m - 2 potions of brilliance
 n - 4 potions of heal wounds
 t - 7 potions of curing
 z - a potion of haste {unknown}


   Skills:
 + Level 10.7 Fighting
 + Level 9.6 Maces & Flails
 + Level 10.8 Armour
 + Level 10.8 Shields


You had 10 spell levels left.
You didn't know any spells.
Your spell library contained the following spells:

 Spells                   Type           Power      Damage    Failure   Level
 Mercury Vapours          Alch/Air       0%         N/A       99%         2
 Gell's Gravitas          Tloc           0%         N/A       100%        3
 Mephitic Cloud           Conj/Alch/Air  0%         N/A       100%        3
 Summon Ice Beast         Ice/Summ       0%         N/A       100%        3
 Teleport Other           Tloc           0%         N/A       100%        3
 Ignite Poison            Fire/Alch      0%         N/A       100%        4
 Leda's Liquefaction      Alch/Erth      0%         N/A       100%        4
 Petrify                  Alch/Erth      0%         N/A       100%        4
 Sticky Flame             Fire/Alch      0%         2d4       100%        4
 Freezing Cloud           Conj/Ice/Air   0%         6-21      100%        5
 Irradiate                Conj/Alch      0%         3d11      100%        5
 Summon Mana Viper        Hex/Summ       0%         N/A       100%        5
 Dispersal                Tloc           0%         N/A       100%        6
 Monstrous Menagerie      Summ           0%         N/A       100%        7
 Ignition                 Fire           0%         3d3       100%        8
 Fire Storm               Conj/Fire      0%         5d1       100%        9
 Sublimation of Blood     Necr           Unusable   N/A       N/A         2

Dungeon Overview and Level Annotations

Branches:
Dungeon (11/15)            Temple (1/1) D:7
   Lair: D:8-11         Orc: D:9-12

Altars:
Ashenzari
Cheibriados
Dithmenos
Elyvilon
Fedhas
Gozag
Hepliaklqana
Kikubaaqudgha
Makhleb
Nemelex Xobeh
Okawaru
Qazlal
Ru
Sif Muna
Trog
Uskayaw
Vehumet
Wu Jian
Xom
Yredelemnul
Zin
The Shining One

Shops:
D:1 !   D:2 [(*   D:4 =   D:6 *

Annotations:
D:11 Fannar


Innate Abilities, Weirdness & Mutations

You are immune to sickness and miasma.
Your stone body is resilient. (AC +8)
You are immune to poison.
You resist negative energy. (rN+)
You are resistant to electric shocks. (rElec)
You are resistant to unholy torment.
You are immune to petrification.


Message History

Fannar drains the heat from the surrounding environment!
You feel very mighty all of a sudden. Fannar hits you but does no damage.
You closely miss Fannar.
Fannar is moderately wounded.
Fannar hits you but does no damage.
You closely miss Fannar.
Fannar is moderately wounded.
Fannar hits you with a +0 quarterstaff of freezing.
Fannar freezes you.
You closely miss Fannar.
Fannar is moderately wounded.
Fannar casts a spell.
Fannar drains the heat from the surrounding environment!
You miss Fannar.
Fannar is moderately wounded.
Fannar gestures wildly while chanting.
You hit Fannar but do no damage.
Fannar is moderately wounded.
Fannar closely misses you.
Fannar gestures wildly while chanting.
Fannar drains the heat from the surrounding environment!
* * * LOW HITPOINT WARNING * * *
Aiming: Fastroot
Press: ? - help, Q - select action, (/) - cycle Shift-Dir - straight line, f - Fannar
Aim: Fannar, wielding a +0 quarterstaff of freezing, wearing a +1 robe of cold resistance and wearing a ring of ice (moderately wounded)
Okay, then.
Aiming: Fastroot
Press: ? - help, Q - select action, (/) - cycle Shift-Dir - straight line, f - ice beast
Aim: an ice beast (summoned)
The roots erupt in riotous growth!
Roots grab the ice beast.
Roots grab Fannar.
The grasping roots constrict the ice beast!
The grasping roots constrict Fannar.
The ice beast escapes!
Fannar casts a spell at you.
The bolt of cold hits the ice beast.
The ice beast completely resists.
The bolt of cold hits you!!
You die...
Your body crumbles into a pile of gold.

....../ #.#....#
....... #......#
###..######......#
# ..# #.........#
.. ...#.#######.#
.... ..# #.# ....
#.# .... #.# ....
#@# #Y# #.#
.......e#
#.......#
#.####..# #..#
#..# ...#


You could see Fannar (rooted) and an ice beast (summoned).

Vanquished Creatures
  Erolcha (D:9)
  2 two-headed ogres
  Nergalle (D:11)
  Pikel (D:5)
  Maurice (D:11)
  An ugly thing (D:10)
  A gargoyle (D:10)
  A kobold demonologist (D:9)
  2 unseen horrors
  A komodo dragon (D:10)
  A hornet (D:10)
  Prince Ribbit (D:7)
  A troll (D:11)
  Grinder (D:5)
  A spriggan (D:10)
  2 vampires
  Sigmund (D:3)
  10 yaks
  Eustachio (D:5)
  2 wyverns (D:10)
  2 steam dragons
  An acid dragon (D:9)
  3 black bears
  A sky beast (D:7)
  An ice beast (D:7)
  4 orc warriors
  2 ogres (D:5)
  A centaur (D:9)
  A phantom (D:7)
  3 lemures (D:5)
  Blork the orc (D:5)
  A kobold brigand (D:9)
  5 bullfrogs
  A gnoll sergeant (D:10)
  4 scorpions
  8 wights
  3 howler monkeys
  2 gnoll boudas
  A bombardier beetle (D:5)
  A jelly (D:5)
  6 orc priests
  Crazy Yiuf (D:7)
  2 hounds (D:4)
  2 iguanas
  Natasha (thrice) (D:3)
  8 orc wizards
  14 gnolls
  2 adders
  A shadow imp (D:5)
  4 white imps
  2 ufetubi (D:4)
  2 ribbon worms
  38 orcs
  2 ball pythons
  6 endoplasms
  4 giant cockroaches
  5 goblins
  9 hobgoblins
  9 jackals
  3 kobolds
  5 quokkas
  3 bats
  5 frilled lizards
  3 rats
218 creatures vanquished.

Notes
Turn   | Place    | Note
-------+----------+-------------------------------------------
     0 | D:1      | Dittersdorf the Gargoyle Fighter began the quest for the
                  | Orb.
     0 | D:1      | Reached XP level 1. HP: 14/14 MP: 1/1
   126 | D:1      | Found a faded altar of an unknown god.
   137 | D:1      | Reached XP level 2. HP: 19/19 MP: 2/2
   549 | D:1      | Found Vumiu's Distillery.
   960 | D:2      | Found Ujuunypt's Antique Armour Shop.
  1001 | D:2      | Noticed a +0 demon whip
  1004 | D:2      | Found Ogaurext's Weapon Emporium.
  1005 | D:2      | Noticed a +0 lajatang
  1073 | D:2      | Reached XP level 3. HP: 23/23 MP: 3/3
  1449 | D:2      | Found Weovy's Assorted Antiques.
  1774 | D:3      | Got Lehudib's Catalogue of Destruction and Orogeny
  1797 | D:3      | Noticed Sigmund
  1818 | D:3      | Killed Sigmund
  1819 | D:3      | Reached XP level 4. HP: 11/30 MP: 4/4
  1819 | D:3      | Reached XP level 5. HP: 13/34 MP: 5/5
  1975 | D:3      | Found a glowing silver altar of Zin.
  2036 | D:3      | Noticed Natasha
  2041 | D:3      | Killed Natasha
  2042 | D:3      | Reached XP level 6. HP: 39/39 MP: 6/6
  2892 | D:3      | Noticed Natasha
  2904 | D:3      | Killed Natasha
  2992 | D:3      | Noticed Natasha
  2999 | D:3      | Killed Natasha
  3063 | D:3      | Found a glowing silver altar of Zin.
  3492 | D:4      | Found Vohuhoul's Jewellery Emporium.
  3589 | D:2      | Bought a glowing kite shield for 180 gold pieces
  3796 | D:4      | Reached skill level 5 in Armour
  3974 | D:4      | Reached skill level 5 in Fighting
  3974 | D:4      | Reached skill level 5 in Shields
  3983 | D:4      | Reached XP level 7. HP: 42/44 MP: 7/7
  4195 | D:4      | Found an iron altar of Okawaru.
  4202 | D:4      | Found a hide-covered altar of Uskayaw.
  4417 | D:5      | Entered Level 5 of the Dungeon
  4716 | D:5      | Noticed Grinder
  4723 | D:5      | Killed Grinder
  4858 | D:5      | Noticed Blork the orc
  4860 | D:5      | Noticed Eustachio
  4891 | D:5      | Killed Blork the orc
  4892 | D:5      | Reached XP level 8. HP: 9/51 MP: 8/8
  5517 | D:5      | Killed Eustachio
  5518 | D:5      | Reached skill level 5 in Maces & Flails
  5620 | D:5      | Noticed Pikel
  5670 | D:5      | Killed Pikel
  5838 | D:5      | Reached XP level 9. HP: 29/56 MP: 9/9
  6553 | D:6      | Found Qecwuir's General Store.
  6967 | D:7      | You fall into a shaft and drop 2 floors!
  7135 | D:7      | Noticed Prince Ribbit
  7162 | D:7      | Killed Prince Ribbit
  7163 | D:7      | Reached XP level 10. HP: 32/64 MP: 10/10
  7323 | D:7      | Found a runed translucent door.
  7324 | D:7      | Noticed Crazy Yiuf
  7330 | D:7      | Killed Crazy Yiuf
  7645 | D:7      | Found a staircase to the Ecumenical Temple.
  7741 | Temple   | Entered the Ecumenical Temple
  7769 | Temple   | Became a worshipper of Gozag Ym Sagoz the Greedy
  7990 | D:7      | Found a broken altar of Ashenzari.
  7992 | D:7      | Found a basalt altar of Yredelemnul.
  8464 | D:8      | Found a bloodstained altar of Trog.
  8468 | D:8      | Found a shimmering blue altar of Sif Muna.
  9171 | D:9      | Identified the +0 falchion "Qujohugg" {antimagic, Str-4
                  | Int+5 Dex+4}
  9179 | D:9      | Noticed a kobold demonologist
  9192 | D:9      | Killed a kobold demonologist
  9445 | D:9      | Killed an unseen horror
  9643 | D:9      | Noticed Erolcha
  9654 | D:9      | Killed Erolcha
  9971 | D:10     | Entered Level 10 of the Dungeon
  9971 | D:10     | Noticed a two-headed ogre
  9979 | D:10     | Killed a two-headed ogre
  9980 | D:10     | Reached XP level 11. HP: 59/72 MP: 11/11
 10492 | D:10     | Reached skill level 10 in Armour
 10639 | D:10     | Reached skill level 10 in Shields
 10817 | D:10     | Reached skill level 10 in Fighting
 11099 | D:11     | Noticed a green ugly thing
 11136 | D:10     | Killed a green ugly thing
 11240 | D:11     | Noticed Nergalle
 11261 | D:11     | Killed Nergalle
 11325 | D:11     | Noticed Maurice
 11332 | D:11     | Maurice stole 2 throwing nets
 11338 | D:11     | Maurice stole 98 gold
 11339 | D:11     | Maurice stole 45 gold
 11342 | D:11     | Killed Maurice
 11459 | D:11     | Noticed a two-headed ogre
 11474 | D:11     | Killed a two-headed ogre
 11698 | D:11     | Noticed Fannar
 11713 | D:11     | Killed from afar by Fannar

Illustrated notes

Levels and vault maps discovered:
D:1:      zelgadis_glass_arrival_small, layout_basic,
          chequers_ecumenical_altar_simple, serial_shops, shop,
          bh_walls_and_bars
D:2:      layout_basic, serial_shops, nicolae_shop_pleasant_corner_grove,
          nicolae_shop_mannequins, nicolae_shop_scrapyard
D:3:      layout_loops_cross, amcnicky_altar_gilded, uniq_natasha, uniq_sigmund
D:4:      layout_loops_cross, jmf_multi_god_temple2, serial_shops,
          nicolae_shop_rolling_square, hangedman_glass_teeth
D:5:      layout_basic, uniq_eustachio, uniq_pikel, uniq_blork_the_orc,
          uniq_grinder
D:6:      layout_loops_cross, serial_shops, shop, minmay_starry_boxes
D:7:      layout_loops_corners, gammafunk_temple_overflow_statue,
          minmay_temple_entry_butterflies, minmay_between, uniq_prince_ribbit1,
          uniq_crazy_yiuf_cottage
D:8:      layout_cave_pools, hellmonk_overflow_destroyed_library,
          minmay_misc_feat_roman, uniq_jeremiah
D:9:      layout_basic, uniq_erolcha
D:10:     layout_roguey, the_hattery
D:11:     layout_stronghold, grunt_lair_entry_orc_guard_hut, orc_0_dummy,
          uniq_fannar, uniq_urug, uniq_nergalle, uniq_maurice
Temple:   nicolae_temple_superstar

Skill      XL: |  1  2  3  4  5  6  7  8  9 10 11 |
---------------+----------------------------------+-----
Fighting       | 4 5 6 8 9 10 | 10.7
Maces & Flails | 3 4 5 7 8 9 |  9.6
Armour         | 4 5 6 7 8 9 10 | 10.8
Shields        | 4 5 7 8 9 10 | 10.8

Action                     |  1- 3 |  4- 6 |  7- 9 | 10-12 || total
---------------------------+-------+-------+-------+-------++-------
  Melee: Flail             |   112 |   172 |   307 |   453 ||  1044
         Mace              |       |       |    34 |       ||    34
  Evoke: Wand              |       |       |    11 |    38 ||    49
    Use: Scroll            |       |     3 |    16 |     3 ||    22
         Potion            |       |       |       |     3 ||     3
   Stab: Distracted        |       |       |       |     2 ||     2
 Armour: Chain mail        |    65 |   124 |   196 |   255 ||   640
         Scale mail        |     2 |       |       |       ||     2
         Plate armour      |       |       |    65 |    62 ||   127
  Dodge: Dodged            |    78 |    89 |   236 |   165 ||   568
  Block: Buckler           |    23 |    33 |       |       ||    56
         Kite shield       |       |    20 |   374 |   338 ||   732

Table legend: (Time is in decaauts)
 A = Elapsed time spent in this place.
 B = Non-inter-level travel time spent in this place.
 C = Inter-level travel time spent in this place.
 D = Time resting spent in this place.
 E = Time spent auto-exploring this place.
 F = Levels seen in this place.
 G = Mean time per level.
                   A        B        C        D        E       F      G
               +--------+--------+--------+--------+--------+-----+--------+
         Total |  11926 |  11264 |    662 |   1601 |   6781 |  12 |  993.8 |
       Dungeon |  11869 |  11261 |    608 |   1601 |   6781 |  11 | 1079.0 |
        Temple |     56 |      2 |     54 |      0 |      0 |   1 |   56.0 |
               +--------+--------+--------+--------+--------+-----+--------+

Top non-repeatable levels by time:
     D:3: 1805 daAuts
     D:5: 1452 daAuts
     D:7: 1297 daAuts
    D:10: 1164 daAuts
     D:4: 1112 daAuts
     D:9: 1101 daAuts
     D:1: 914 daAuts
     D:2: 913 daAuts
     D:8: 803 daAuts
     D:6: 729 daAuts
    D:11: 575 daAuts
  Temple: 56 daAuts
